 Dungeon Crawl Stone Soup version 0.20.1 (webtiles) character file.

121 KleinerIrrer the Covert (level 5, -6/34 HPs)
             Began as an Octopode Assassin on July 2, 2017.
             Mangled by bli's ghost (10 damage)
             ... on level 3 of the Dungeon.
             The game lasted 00:03:29 (2003 turns).

KleinerIrrer the Covert (Octopode Assassin)         Turns: 2003, Time: 00:03:30

Health: -6/34      AC:  1    Str: 11    XL:     5   Next: 5%
Magic:  5/5        EV: 13    Int: 13    God:
Gold:   135        SH:  0    Dex: 14    Spells: 4/4 levels left

rFire    . . .     SeeInvis .   a - +2 dagger
rCold    . . .     Gourm    .   (no shield)
rNeg     . . .     Faith    .   (helmet restricted)
rPois    .         Spirit   .   p - amulet of magic regeneration
rElec    .         Reflect  .   (no ring)
rCorr    .         Harm     .   (no ring)
MR       .....                  (no ring)
Stlth    +++++.....             (no ring)
Regen    0.2/turn               (no ring)
MPRegen  0.2/turn               (no ring)
                                (no ring)
                                (no ring)

@: no status effects
A: almost no armour, stealthy swim, amphibious, 8 rings, constrict 8, camouflage
1, gelatinous body 1
a: no special abilities


You were on level 3 of the Dungeon.
You were not hungry.

You visited 1 branch of the dungeon, and saw 3 of its levels.

You collected 135 gold pieces.

Inventory:

Hand Weapons
 a - a +2 dagger (weapon)
 b - a +0 blowgun
Missiles
 c - 3 poisoned needles
 d - 2 curare-tipped needles
Jewellery
 p - an amulet of magic regeneration (around mantle)
Scrolls
 g - a scroll of teleportation {unknown}
 i - a scroll of magic mapping {unknown}
 k - 2 scrolls of identify {unknown}
 n - a scroll of immolation {unknown}
 o - a scroll of remove curse {unknown}
 q - a scroll of enchant weapon {unknown}
Potions
 e - a potion of curing {unknown}
 j - a potion of might {unknown}
 m - a potion of cancellation {unknown}
Comestibles
 f - 4 bread rations
 h - 5 chunks of flesh
 l - a meat ration


   Skills:
 + Level 2.2 Fighting
 + Level 2.5 Short Blades
 - Level 2.0 Throwing
 + Level 1.3 Dodging
 + Level 8.0 Stealth


You had 4 spell levels left.
You didn't know any spells.

Dungeon Overview and Level Annotations

Branches:
Dungeon (3/15)

Altars:

Annotations:
D:3 bli's ghost, amateur HOMo


Innate Abilities, Weirdness & Mutations

You cannot wear most types of armour.
You are very stealthy in the water. (Stealth+)
You are amphibious.
You can wear up to eight rings at the same time.
You can use your tentacles to constrict eight enemies at once.
Your skin changes colour to match your surroundings (Stealth+).
Your rubbery body absorbs attacks. (AC +1, EV +1)


Message History

Bli's ghost misses you.
You hit bli's ghost. You squeeze bli's ghost.
Bli's ghost is lightly damaged.
Bli's ghost closely misses you.
You miss bli's ghost.
Bli's ghost is lightly damaged.
Bli's ghost misses you.
You barely miss bli's ghost. You squeeze bli's ghost.
Bli's ghost is moderately damaged.
You hit bli's ghost.
Bli's ghost is moderately damaged.
Bli's ghost hits you!
You hit bli's ghost.
Bli's ghost is moderately damaged.
Bli's ghost hits you!
* * * LOW HITPOINT WARNING * * *
You hit bli's ghost.
Bli's ghost is heavily damaged.
Bli's ghost hits you!
You die...

#.# #..... #.
######.### #.....
#. #.......(#
##### ##
#........#########
#
#................#
###### #
##.....#########.#
##....# ##
#.....[......##.#
#.....# #.
#.....###..#.##W#
#.....# #. #.#####
#..#.##@# #.....#
#. #. #..#.##.#
#.....# #. #
#..#.##.# #.....#
#. #..#.##.#
#.##.#####
#..#(##.#
#.##...)..
...#.##.#
##.######## #.##.#
#.......... #(##.#
###########


You could see bli's ghost.

Vanquished Creatures
  Natasha (D:2)
  2 adders (D:2)
  4 gnolls (D:2)
  A dart slug (D:2)
  3 bats
  6 goblins
  7 hobgoblins
  4 jackals
  2 kobolds
  A quokka (D:2)
  5 frilled lizards
  4 rats
40 creatures vanquished.

Notes
Turn   | Place    | Note
-------+----------+-------------------------------------------
     0 | D:1      | KleinerIrrer the Octopode Assassin began the quest for the Orb.
     0 | D:1      | Reached XP level 1. HP: 14/14 MP: 1/1
   140 | D:1      | Reached XP level 2. HP: 19/19 MP: 2/2
   160 | D:1      | Reached skill level 6 in Stealth
   997 | D:2      | Noticed Natasha
  1000 | D:2      | Killed Natasha
  1000 | D:2      | Reached XP level 3. HP: 24/24 MP: 3/3
  1017 | D:2      | Reached skill level 7 in Stealth
  1398 | D:2      | Reached XP level 4. HP: 29/29 MP: 4/4
  1650 | D:3      | Reached XP level 5. HP: 21/34 MP: 5/5
  1804 | D:3      | Reached skill level 8 in Stealth
  1962 | D:3      | Noticed bli's ghost (amateur HOMo)
  2003 | D:3      | Mangled by bli's ghost

Skill      XL: |  1  2  3  4  5 |
---------------+----------------+-----
Stealth        | 6 7 8 |  8.0
Fighting       | |  2.2
Short Blades   | |  2.5
Throwing       | |  2.0
Dodging        | |  1.3

Action                   |  1- 3 |  4- 6 || total
-------------------------+-------+-------++-------
Melee: Dagger            |    42 |    35 ||    77
       Constrict         |     9 |     5 ||    14
       Tentacles         |     9 |     3 ||    12
 Fire: Blowgun           |       |     5 ||     5
 Stab: Sleeping          |    12 |    10 ||    22
  Eat: Chunk             |     1 |     2 ||     3
Armor: Skin              |     3 |     5 ||     8
Dodge: Dodged            |    17 |    22 ||    39
